 Dungeon Crawl Stone Soup version 0.15-a0-717-ga3c592f (webtiles) character file.

63 4tharraofdagon the Firebug (level 4, -2/24 HPs)
             Began as a Kobold Fire Elementalist on May 10, 2014.
             Slain by a sky beast (6 damage)
             ... on Level 4 of the Dungeon.
             The game lasted 00:04:37 (774 turns).

4tharraofdagon the Firebug (KoFE)                    Turns: 774, Time: 00:04:38

HP  -2/24        AC  4     Str  6      XL: 4   Next: 30%
MP   0/8         EV 21     Int 14      God:
Gold 113         SH  0     Dex 20      Spells:  2 memorised,  3 levels left

rFire  . . .     SeeInvis .     k - -2,-1 spear
rCold  . . .     Clarity  .     f - +1 robe of the Big Bang {Str-1}
rNeg   . . .     Conserve .     (no shield)
rPois  .         rCorr    .     (no helmet)
rElec  .         rRot     .     (no cloak)
SustAb . .       Spirit   .     d - +0 pair of gloves (curse)
rMut   .         Warding  .     (no boots)
Saprov + + .     Stasis   .     (no amulet)
MR     .....                    (no ring)
                                (no ring)

@: agile, very slightly contaminated, not resistant to hostile enchantments,
stealthy
A: disease resistance, carnivore 3, saprovore 2
a: no special abilities


You were on level 4 of the Dungeon.
You were full.

You visited 1 branch of the dungeon, and saw 4 of its levels.

You collected 113 gold pieces.

Inventory:

Hand weapons
 k - a -2,-1 spear (weapon)
Missiles
 g - 20 darts (quivered)
 h - 10 darts of frost
Armour
 a - a +0 robe
 d - a cursed +0 pair of gloves (worn)
 f - the +1 robe of the Big Bang (worn) {Str-1}
   (You found it on level 4 of the Dungeon)

   It affects your strength (-1).
Comestibles
 c - a meat ration
Scrolls
 e - a scroll of identify
 l - 2 scrolls of teleportation
 m - a scroll of remove curse {unknown}
Potions
 i - a potion of curing
Books
 b - a book of Flames

   Spells                             Type                      Level
   *Flame Tongue                      Conjuration/Fire             1
   Throw Flame                        Conjuration/Fire             2
   *Conjure Flame                     Conjuration/Fire             3
   Inner Flame                        Hexes/Fire                   3
   Sticky Flame                       Conjuration/Fire             4
   Fireball                           Conjuration/Fire             5


   Skills:
 - Level 2.4 Dodging
 - Level 2.6 Stealth
 + Level 2.3 Spellcasting
 * Level 2.0 Conjurations
 * Level 4.0 Fire Magic


You had 3 spell levels left.
You knew the following spells:

 Your Spells              Type           Power        Failure   Level  Hunger
a - Flame Tongue          Conj/Fire      ##...        10%         1    #......
b - Conjure Flame         Conj/Fire      ##......     21%         3    ####...


Dungeon Overview and Level Annotations

Branches:
Dungeon (4/15)
 Temple: D:4-7

Altars:

Annotations:
D:3 Terence


Innate Abilities, Weirdness & Mutations

You recuperate from illness quickly.
You are small and have problems with some larger weapons.
You are carnivorous and can eat meat at any time.
You can eat rotten meat.


Message History

Casting: Flame Tongue
Confirm with . or Enter, or press ? or * to list all spells.
Aiming: Flame Tongue
Press: ? - help, Shift-Dir - straight line, f/p - sky beast
Aim: a sky beast (severely wounded)
You miscast Flame Tongue.
You are very lightly contaminated with residual magic.
The air around you crackles with energy!
The sky beast hits you. The sky beast shocks you!
* * * LOW HITPOINT WARNING * * *
Drink which item? (? for menu, Esc to quit)
You feel better. The sky beast hits you. The sky beast shocks you.
* * * LOW HITPOINT WARNING * * *
Unknown command.
Drink which item? (? for menu, Esc to quit)
You feel agile all of a sudden. The sky beast hits you.
* * * LOW HITPOINT WARNING * * *
The sky beast shocks you!
You die...

...
...................<
...
...#...##.####...##
## #.##.. #.# #
####.##. #.#
#....#### #.#
#..<....####.#
#.......#....####
#####....#...Y...#
#...#.####...@...#
#...#.# ####....#
####...#.# #.####
.........# #.#
##...##### ### #...#
#####


You could see a sky beast.

Vanquished Creatures
  Ijyb (D:3)
  2 adders (D:4)
  A giant mite (D:1)
  A bat skeleton (D:4)
  A giant cockroach (D:4)
  5 goblins
  4 kobolds
  A quokka (D:4)
  A bat (D:1)
  2 giant newts
  2 rats
21 creatures vanquished.

Notes
Turn   | Place    | Note
--------------------------------------------------------------
     0 | D:1      | 4tharraofdagon, the Kobold Fire Elementalist, began the quest for the Orb.
     0 | D:1      | Reached XP level 1. HP: 10/10 MP: 3/3
    43 | D:1      | Reached skill level 1 in Conjurations
    43 | D:1      | Reached XP level 2. HP: 15/15 MP: 0/4
   290 | D:4      | Reached XP level 3. HP: 15/19 MP: 0/6
   295 | D:4      | Learned a level 3 spell: Conjure Flame
   311 | D:4      | Got a creamy pearl robe
   317 | D:4      | Identified the +1 robe of the Big Bang {Str-1} (You found it on level 4 of the Dungeon)
   319 | D:4      | :(
   320 | D:4      | Noticed a scorpion
   394 | D:3      | Noticed Terence
   476 | D:3      | Noticed Ijyb
   502 | D:3      | impossible to kill
   546 | D:3      | Killed Ijyb
   549 | D:3      | Reached XP level 4. HP: 7/24 MP: 0/7
   622 | D:4      | Noticed a sky beast
   634 | D:4      | Reached skill level 4 in Fire Magic
   774 | D:4      | Slain by a sky beast

Action                   |  1- 3 |  4- 6 || total
-------------------------+-------+-------++-------
Melee: Unarmed           |    20 |       ||    20
       Spear             |    72 |     4 ||    76
Throw: Dart              |     2 |       ||     2
 Cast: Flame Tongue      |    31 |    18 ||    49
  Use: Potion            |     3 |     2 ||     5
       Scroll            |     2 |     1 ||     3
 Stab: Sleeping          |     1 |       ||     1

Vault maps used:
D:1:      ldierk_walled_garden
D:3:      uniq_iyjb, uniq_grinder, uniq_terence
D:4:      cheibriados_altar_1, first_bread, kennysheep_cross_bottleneck
